 Dungeon Crawl Stone Soup version 0.21.1-1-g345015f (webtiles) character file.

4617 Labyrinth the Thaumaturge (level 10, -2/78 HPs)
             Began as a Purple Draconian Fire Elementalist on July 24, 2018.
             Was a Follower of Qazlal.
             Slain by a quarterstaff of speed (7 damage)
             ... created by the rancor of the Wu Jian Council
             ... on level 9 of the Dungeon on July 25, 2018.
             The game lasted 01:15:12 (9377 turns).

Labyrinth the Thaumaturge (DrFE)                    Turns: 9377, Time: 01:15:13

Health: -2/78      AC: 11    Str: 13    XL:     10   Next: 19%
Magic:  17/22      EV: 19    Int: 18    God:    Qazlal [*.....]
Gold:   480        SH:  2    Dex: 17    Spells: 1/25 levels left

rFire    + . .     SeeInvis .   e - +5 hand axe (distort)
rCold    x . .     Gourm    .   (no shield)
rNeg     . . .     Faith    .   (armour unavailable)
rPois    +         Spirit   .   (helmet restricted)
rElec    .         Reflect  .   n - +0 cloak
rCorr    .         Harm     .   i - +0 pair of gloves
MR       +....                  F - +1 pair of boots
Stlth    +++.......             (no amulet)
HPRegen  0.23/turn              M - ring of poison resistance
MPRegen  0.18/turn              O - ring of fire

@: agile, berserk cooldown, hasted and slowed
A: breathe power, unfitting armour, stinger 1, clever 1, sense surroundings 1,
cold-blooded, AC +7
a: Breathe Dispelling Energy, Renounce Religion


You were on level 9 of the Dungeon.
You worshipped Qazlal.
Qazlal was aware of your devotion.
You were hungry.

You visited 2 branches of the dungeon, and saw 10 of its levels.
You also visited: Ossuary.

You collected 480 gold pieces.

Inventory:

Hand Weapons
 c - a +2 war axe of electrocution
 e - a +5 hand axe of distortion (weapon)
 m - a +2 quarterstaff of chaos
 y - a +0 mace of protection
 I - a +0 spear
 U - a +0 hand crossbow of flaming
Missiles
 g - 294 stones
 q - 24 poisoned needles
 E - 12 bolts
 L - 10 javelins (quivered)
 T - 6 needles of sleeping
Armour
 i - a +0 pair of gloves (worn)
 n - a +0 cloak (worn)
 F - a +1 pair of boots (worn)
Jewellery
 M - a ring of poison resistance (left hand)
 O - a ring of fire (right hand)
Wands
 o - a wand of random effects (19)
 x - a wand of iceblast (10)
 H - a wand of polymorph (10)
Scrolls
 d - a scroll of random uselessness
 f - 4 scrolls of fear
 r - a scroll of vulnerability
 s - a scroll of amnesia {unknown}
 t - 8 scrolls of remove curse
 u - a scroll of identify
 v - 2 scrolls of immolation
 G - a scroll of fog
 K - a scroll of magic mapping
 S - a scroll of silence
Potions
 h - 2 potions of ambrosia
 j - a potion of invisibility
 k - a potion of flight
 l - a potion of haste
 z - 4 potions of mutation
 B - a potion of lignification {unknown}
 C - a potion of berserk rage
 D - a potion of magic {unknown}
 J - a potion of cancellation {unknown}
 N - a potion of resistance {unknown}
 Q - a potion of brilliance {unknown}
Books
 a - a book of Flames

   Spells                             Type                      Level
   a - Flame Tongue                   Conjuration/Fire             1
   b - Throw Flame                    Conjuration/Fire             2
   c - Conjure Flame                  Conjuration/Fire             3
   d - Inner Flame                    Hexes/Fire                   3
   e - Sticky Flame                   Conjuration/Fire             4
   f - Fireball                       Conjuration/Fire             5
 p - a book of Minor Magic

   Spells                             Type                      Level
   a - Magic Dart                     Conjuration                  1
   b - Blink                          Translocation                2
   c - Call Imp                       Summoning                    2
   d - Slow                           Hexes                        2
   e - Conjure Flame                  Conjuration/Fire             3
   f - Mephitic Cloud                 Conjuration/Poison/Air       3
Comestibles
 b - 4 rations


   Skills:
 + Level 4.0 Fighting
 + Level 5.9 Axes
 + Level 1.0 Throwing
 + Level 3.4 Dodging
 + Level 3.3 Stealth
 + Level 8.4 Spellcasting
 + Level 6.3 Conjurations
 + Level 0.5 Summonings
 + Level 1.0 Translocations
 + Level 7.9 Fire Magic


You had one spell level left.
You knew the following spells:

 Your Spells              Type           Power        Failure   Level  Hunger
a - Flame Tongue          Conj/Fire      #####        1%          1    None
b - Throw Flame           Conj/Fire      #####.       1%          2    None
c - Conjure Flame         Conj/Fire      #####...     1%          3    None
d - Blink                 Tloc           N/A          9%          2    None
e - Inner Flame           Hex/Fire       ####....     5%          3    None
f - Sticky Flame          Conj/Fire      #####...     4%          4    ###....
g - Call Imp              Summ           #.......     12%         2    None
h - Slow                  Hex            #.......     14%         2    None
i - Fireball              Conj/Fire      #####.....   14%         5    #####..


Dungeon Overview and Level Annotations

Branches:
Dungeon (9/15)             Temple (1/1) D:5
   Lair: D:8-11         Orc: D:9-12

Altars:
Ashenzari
Cheibriados
Dithmenos
Elyvilon
Fedhas
Gozag
Hepliaklqana
Kikubaaqudgha
Makhleb
Nemelex Xobeh
Okawaru
Qazlal
Ru
Sif Muna
Trog
Uskayaw
Vehumet
Wu Jian
Xom
Yredelemnul
Zin
The Shining One

Annotations:
Abyss:1 Duvessa


Innate Abilities, Weirdness & Mutations

You can breathe bolts of dispelling energy.
Your rich purple scales are hard. (AC +7)
You cannot fit into any form of body armour.
You are cold-blooded and may be slowed by cold attacks.
Your tail ends in a poisonous barb.
Your mind is acute. (Int +2)
You passively map a small area around you.


Message History

Confirm with . or Enter, or press ? or * to list all spells.
Aiming: Sticky Flame
Press: ? - help, Shift-Dir - straight line, f/p - quarterstaff of speed
Aim: a quarterstaff of speed (heavily damaged, durably summoned)
You feel a surge of power!
The sticky flame hits the quarterstaff of speed.
The quarterstaff of speed completely resists.
The quarterstaff of speed is heavily damaged.
The quarterstaff of speed is covered in liquid flames!
You are feeling hungry.
The quarterstaff of speed burns!
The quarterstaff of speed hits you!
* * * LOW HITPOINT WARNING * * *
As you read the scroll of fear, it crumbles to dust.
You assume a fearsome visage.
The quarterstaff of speed is unaffected.
The quarterstaff of speed burns!
Okay, then.
You feel agile all of a sudden.
The quarterstaff of speed burns!
The quarterstaff of speed hits you!
You die...

** #.##########.#
*#.#####.####### #.#
..)....)......####.#######
#.##%....................)
* #.##.#####.####.######.
#. #.# #.# #.# ##.. # *#.#
#.# #.####... ,
#.#####.####.#......
#..@(..........##...
,*##############.###.. **
#.# ##. , * ... #. *, * *
* ###. . * * , * #. # , **
, ,, .# , , *,# *


You could see a quarterstaff of speed (burning).

Vanquished Creatures
  A hippogriff (D:9)
  Sigmund (D:5)
  12 dancing weapons
  2 yaks (D:9)
  The ghost of Mlkhall the Stinger, an amateur NaVM (D:4)
  A hungry ghost (D:9)
  The ghost of Labyrinth the Firebug, an amateur DrFE of Wu Jian (D:6)
  Menkaure (Ossuary)
  An orc warrior (D:9)
  A hornet zombie (D:5)
  8 ogres
  A crocodile (D:9)
  A centaur (D:8)
  8 bullfrogs
  Blork the orc (D:4)
  The ghost of SergentPoivreBleu the Digger, an amateur GrEE (D:3)
  Dowan (D:4)
  A scorpion (D:7)
  6 crimson imps
  A human zombie (Ossuary)
  2 centaur zombies (Ossuary)
  3 orc priests
  2 jellies (D:9)
  Crazy Yiuf (D:4)
  6 hounds
  3 bullfrog skeletons
  A centaur skeleton (D:4)
  6 orc wizards
  An iguana (D:6)
  7 worker ants
  3 ogre zombies (Ossuary)
  2 hound skeletons
  6 mummies (Ossuary)
  A worker ant zombie (D:7)
  9 adders
  2 shadow imps
  An ooze (D:1)
  2 adder zombies (Ossuary)
  4 adder skeletons
  A worm (D:4)
  3 dart slugs
  3 leopard geckos
  20 orcs
  4 bats
  3 giant cockroaches
  7 hobgoblins
  6 jackals
  7 kobolds
  2 quokkas
  A ball python (D:1)
  3 frilled lizards
  A gnoll zombie (Ossuary)
  8 goblins
  4 goblin zombies (Ossuary)
  A hobgoblin zombie (Ossuary)
  2 jackal skeletons (D:4)
  4 kobold zombies (Ossuary)
  4 quokka zombies (Ossuary)
  5 rats
  4 rat zombies (Ossuary)
  2 plants (D:2)
208 creatures vanquished.

Vanquished Creatures (others)
  A dancing weapon (D:8)
  A yak (D:9)
  An orc warrior (D:7)
  A hound (D:9)
  A worker ant (D:7)
  A ball python (D:2)
  A goblin zombie (Ossuary)
7 creatures vanquished.

Grand Total: 215 creatures vanquished

Notes
Turn   | Place    | Note
-------+----------+-------------------------------------------
     0 | D:1      | Labyrinth the Draconian Fire Elementalist began the quest for the Orb.
     0 | D:1      | Reached XP level 1. HP: 14/14 MP: 3/3
   129 | D:1      | Reached XP level 2. HP: 20/20 MP: 0/5
   133 | D:1      | Learned a level 2 spell: Throw Flame
   534 | D:1      | Reached XP level 3. HP: 26/26 MP: 4/6
   539 | D:1      | Learned a level 3 spell: Conjure Flame
  1239 | D:2      | Reached XP level 4. HP: 34/34 MP: 4/7
  1243 | D:2      | Learned a level 2 spell: Blink
  1382 | D:3      | Found a white marble altar of Elyvilon.
  1450 | D:3      | Reached skill level 3 in Spellcasting
  1450 | D:3      | Reached XP level 5. HP: 34/39 MP: 7/9
  1618 | D:3      | Noticed SergentPoivreBleu's ghost (amateur GrEE)
  1628 | D:3      | Killed SergentPoivreBleu's ghost
  2277 | D:4      | Reached skill level 1 in Axes
  2380 | D:4      | Found an opulent altar of Gozag.
  2419 | D:4      | Found a sand-covered staircase.
  2440 | D:4      | Reached XP level 6. HP: 46/46 MP: 5/11
  2474 | Ossuary  | Entered an ossuary
  2863 | Ossuary  | Noticed Menkaure
  2882 | Ossuary  | Reached skill level 1 in Fighting
  3259 | Ossuary  | Reached skill level 5 in Fire Magic
  3259 | Ossuary  | Your scales start taking on a rich purple colour.
  3259 | Ossuary  | Reached skill level 4 in Spellcasting
  3259 | Ossuary  | Reached XP level 7. HP: 44/52 MP: 7/13
  3266 | Ossuary  | Killed Menkaure
  3348 | Ossuary  | Gained mutation: You passively map a small area around you. [potion of mutation]
  3348 | Ossuary  | Gained mutation: Your mind is acute. (Int +2) [potion of mutation]
  3348 | Ossuary  | Gained mutation: Your tail ends in a poisonous barb. [potion of mutation]
  3482 | D:4      | Noticed Dowan
  3488 | D:4      | Noticed Duvessa
  3491 | D:4      | Banished Duvessa
  3520 | D:4      | Learned a level 3 spell: Inner Flame
  3525 | D:4      | Learned a level 4 spell: Sticky Flame
  3526 | D:4      | Noticed Blork the orc
  3533 | D:4      | Killed Blork the orc
  3533 | D:4      | Reached skill level 5 in Spellcasting
  3569 | D:4      | Found a runed door.
  3573 | D:4      | Noticed Crazy Yiuf
  3585 | D:4      | Killed Crazy Yiuf
  3781 | D:4      | Killed Dowan
  3821 | D:4      | Noticed Mlkhall's ghost (amateur NaVM)
  3866 | D:4      | Killed Mlkhall's ghost
  3866 | D:4      | Reached XP level 8. HP: 21/61 MP: 2/16
  4354 | D:4      | Learned a level 2 spell: Call Imp
  4355 | D:5      | Entered Level 5 of the Dungeon
  4361 | D:5      | Noticed Sigmund
  4367 | D:5      | Killed Sigmund
  4444 | D:5      | Found a radiant altar of Vehumet.
  4518 | D:5      | Found a sacrificial altar of Ru.
  4521 | D:5      | Found a shadowy altar of Dithmenos.
  4521 | D:5      | Found a shattered altar of Ashenzari.
  4723 | D:5      | Found a staircase to the Ecumenical Temple.
  4756 | Temple   | Entered the Ecumenical Temple
  5114 | Temple   | Became a worshipper of the Wu Jian Council
  5548 | D:6      | Found a sparkling altar of Nemelex Xobeh.
  5698 | D:6      | Noticed Labyrinth's ghost (amateur DrFE)
  5709 | D:6      | Killed Labyrinth's ghost
  5709 | D:6      | Reached skill level 6 in Spellcasting
  6331 | D:7      | Reached skill level 5 in Conjurations
  6339 | D:7      | Reached XP level 9. HP: 33/70 MP: 7/18
  6623 | D:7      | Learned a level 2 spell: Slow
  6733 | D:7      | Found a stormy altar of Qazlal.
  6733 | D:7      | Found a glowing golden altar of the Shining One.
  6734 | D:7      | Found a blossoming altar of Fedhas.
  6755 | D:7      | Fell from the grace of Wu Jian
  6755 | D:7      | Became a worshipper of Qazlal Stormbringer
  7711 | D:8      | Reached skill level 5 in Axes
  7723 | D:8      | Reached skill level 7 in Spellcasting
  7726 | D:8      | Reached skill level 1 in Translocations
  8054 | D:8      | Reached * piety under Qazlal
  8780 | D:9      | Reached XP level 10. HP: 44/78 MP: 2/21
  8787 | D:9      | Learned a level 5 spell: Fireball
  9050 | D:9      | Reached skill level 8 in Spellcasting
  9115 | D:9      | Reached skill level 1 in Throwing
  9377 | D:9      | Slain by a quarterstaff of speed

Skill      XL: |  1  2  3  4  5  6  7  8  9 10 |
---------------+-------------------------------+-----
Stealth        | 2 3 |  3.3
Dodging        | 2 3 |  3.4
Fire Magic     | 4 5 6 7 |  7.9
Spellcasting   | 3 4 5 6 7 8 |  8.4
Conjurations   | 2 3 4 5 6 |  6.3
Axes           | 1 2 3 4 5 |  5.9
Fighting       | 1 2 3 4 |  4.0
Translocations | 1 |  1.0
Throwing       | 1 |  1.0
Summonings     | |  0.5

Action                   |  1- 3 |  4- 6 |  7- 9 | 10-12 || total
-------------------------+-------+-------+-------+-------++-------
Melee: Unarmed           |    15 |       |       |       ||    15
       Tailslap          |     4 |     5 |    12 |     5 ||    26
       Hand axe          |    34 |    56 |   142 |    45 ||   277
Throw: Stone             |       |       |    12 |       ||    12
       Javelin           |       |       |     7 |     4 ||    11
 Cast: Flame Tongue      |    54 |    66 |   147 |    19 ||   286
       Throw Flame       |     2 |    18 |    71 |    11 ||   102
       Conjure Flame     |       |     5 |    12 |     2 ||    19
       Blink             |       |     1 |     2 |       ||     3
       Sticky Flame      |       |       |     7 |     1 ||     8
       Call Imp          |       |       |     6 |       ||     6
       Inner Flame       |       |       |     1 |       ||     1
Invok: Lunge             |       |       |     7 |       ||     7
 Abil: Breathe Dispellin |       |       |    12 |     2 ||    14
Evoke: Wand              |       |       |     1 |       ||     1
  Use: Potion            |     1 |       |     9 |     4 ||    14
       Scroll            |     1 |     2 |    16 |     1 ||    20
  Eat: Ration            |     1 |     2 |     4 |       ||     7
       Chunk             |       |     2 |     6 |     2 ||    10
Armor: Skin              |    12 |    19 |    35 |    11 ||    77
Dodge: Dodged            |    35 |    34 |    89 |    12 ||   170
Block: Other             |       |       |     1 |     2 ||     3
